 Dungeon Crawl Stone Soup version 0.27.1-34-g3ba077fa99 (webtiles) character file.

Game seed: 16184114856537504704

6 sacredicon the Skirmisher (level 1, 0/14 HPs)
             Began as a Gargoyle Berserker on Jan 26, 2022.
             Was a Follower of Trog.
             Slain by a ball python (1 damage)
             ... on level 1 of the Dungeon.
             The game lasted 00:00:59 (302 turns).

sacredicon the Skirmisher (Gargoyle Berserker)       Turns: 302, Time: 00:01:00

Health: 0/14       AC:  4    Str: 20    XL:     1   Next: 90%
Magic:  1/1        EV: 12    Int:  7    God:    Trog [*.....]
Gold:   23         SH:  0    Dex:  9    Spells: 0/0 levels left

rFire    . . .     SeeInvis .   a - +0 mace
rCold    . . .     Faith    .   (no shield)
rNeg     + . .     Spirit   .   b - +0 animal skin
rPois    ∞         Reflect  .   (no helmet)
rElec    +         Harm     .   (no cloak)
rCorr    .         Rampage  .   (no gloves)
Will     .....                  (no boots)
Stlth    +.........             (no amulet)
HPRegen  0.04/turn              (no ring)
MPRegen  0.07/turn              (no ring)

@: no status effects
A: sickness immunity, AC +2, negative energy resistance 1, electricity
resistance, torment resistance 1, petrification resistance
a: Renounce Religion, Berserk


You were on level 1 of the Dungeon.
You worshipped Trog.
Trog was aware of your devotion.
You visited 1 branch of the dungeon, and saw 1 of its levels.

You collected 23 gold pieces.

Inventory:

Hand Weapons
 a - a +0 mace (weapon)
Missiles
 c - 19 stones (quivered)
Armour
 b - a +0 animal skin (worn)
Scrolls
 d - a scroll of noise {unknown}


   Skills:
 + Level 3.4 Fighting
 + Level 3.1 Maces & Flails
 + Level 2.2 Armour
 + Level 1.7 Dodging


You couldn't memorise any spells.
You didn't know any spells.
Your spell library was empty.

Dungeon Overview and Level Annotations

Branches:
Dungeon (1/15)

Altars:


Innate Abilities, Weirdness & Mutations

You are immune to sickness and miasma.
Your stone body is resilient. (AC +2)
You are immune to poison.
You resist negative energy. (rN+)
You are resistant to electric shocks. (rElec)
You are resistant to unholy torment.
You are immune to petrification.


Message History

The hobgoblin is severely wounded.
The ball python bites you but does no damage.
The ball python grabs you. The ball python constricts you.
The hobgoblin closely misses you. The ball python bites you.
The ball python constricts you.
You closely miss the hobgoblin.
The hobgoblin is severely wounded.
The hobgoblin hits you.
The ball python bites you but does no damage.
The ball python constricts you.
The hobgoblin hits you but does no damage.
You hit the hobgoblin but do no damage.
The hobgoblin is severely wounded.
The ball python barely misses you. The ball python constricts you.
The hobgoblin hits you but does no damage.
The ball python bites you but does no damage.
The ball python constricts you.
You closely miss the hobgoblin.
The hobgoblin is severely wounded.
The ball python bites you. The ball python constricts you.
The hobgoblin hits you.
* * * LOW HITPOINT WARNING * * *
The ball python's grasp on you weakens, but your attempt to escape fails.
The ball python bites you.
* * * LOW HITPOINT WARNING * * *
The ball python constricts you.
* * * LOW HITPOINT WARNING * * *
The hobgoblin barely misses you.
You escape the ball python's grasp.
The ball python bites you but does no damage.
The ball python grabs you. The ball python constricts you.
You escape the ball python's grasp.
Things that are here:
a +0 whip; a kobold corpse The ball python barely misses you.
The ball python misses you.
You barely miss the ball python. The ball python barely misses you.
The ball python grabs you. The ball python constricts you.
* * * LOW HITPOINT WARNING * * *
You escape the ball python's grasp.
The ball python bites you.
You die...

#.# #.# #.# #.# #.# # #.# #.#
#.# .# #.# #.# ###
#####.####.### #.# #.# #.. .
.............. ..# #.# #.# ##.
##.........#####.# #.# #.# ...
#.##............# #.# #.# ....
#.###..##### #@####.####.##....
#.# #..# #.Sg)...........#.
#.###..# ###.##.#.#........
#.##...##########.##.#.#..###$#.
..##.#............##......#
####...##########.##..#...#
##.## ####.###....## #.#
#...........# #.# #.##.#####.##


You could see a hobgoblin and a ball python.

Vanquished Creatures
  2 ball pythons (D:1)
  An endoplasm (D:1)
  2 kobolds (D:1)
5 creatures vanquished.

Notes
Turn   | Place    | Note
-------+----------+-------------------------------------------
     0 | D:1      | sacredicon the Gargoyle Berserker began the quest for the
                  | Orb.
     0 | D:1      | Reached XP level 1. HP: 14/14 MP: 1/1
   302 | D:1      | Slain by a ball python

Illustrated notes

Levels and vault maps discovered:
D:1:      eino_arrival_cavern_e, layout_loops_ring,
          hellmonk_ecumenical_altar_crossroads, amcnicky_mini_corridor_feature

Action                   || total
-------------------------++-------
Melee: Mace              ||    16
Armor: Animal skin       ||     7
Dodge: Dodged            ||    10
